 Dungeon Crawl Stone Soup version 0.30-a0-374-g95c0257040 (webtiles) character file.

Game seed: 15948203699173232784

338 DrKenneth the Covered (level 6, 0/56 HPs)
             Began as a Minotaur Fighter on Nov 26, 2022.
             Slain by Menkaure (11 damage)
             ... on level 4 of the Dungeon.
             The game lasted 00:07:22 (2256 turns).

DrKenneth the Covered (Minotaur Fighter)            Turns: 2256, Time: 00:07:23

Health: 0/56       AC: 11    Str: 23    XL:     6   Next: 29%
Magic:  5/5        EV:  9    Int:  5    God:
Gold:   171        SH:  4    Dex:  9    Spells: 5/5 levels left

rFire   x . .      SeeInvis .    a - +0 war axe
rCold   + . .      Faith    .    c - +0 buckler
rNeg    . . .      Spirit   .    b - +0 scale mail
rPois   .          Reflect  .    (helmet restricted)
rElec   .          Harm     .    q - +0 cloak
rCorr   .          Rampage  .    n - +0 pair of gloves
Will    .....                    i - +0 pair of boots
Stlth   ..........               (no amulet)
HPRegen 0.29/turn                j - ring of ice
MPRegen 0.09/turn                (no ring)

@: no status effects
A: horns 2, retaliatory headbutt
a: no special abilities


You were on level 4 of the Dungeon.
You visited 1 branch of the dungeon, and saw 4 of its levels.

You collected 171 gold pieces.

Inventory:

Hand Weapons
 a - a +0 war axe (weapon)
Armour
 b - a +0 scale mail (worn)
 c - a +0 buckler (worn)
 i - a +0 pair of boots (worn)
 n - a +0 pair of gloves (worn)
 q - a +0 cloak (worn)
Jewellery
 j - a ring of ice (left hand)
 B - an amulet of faith
Wands
 y - a wand of acid (4)
Scrolls
 f - a scroll of enchant weapon {unknown}
 k - 4 scrolls of identify {unknown}
 p - a scroll of acquirement {unknown}
 r - a scroll of torment {unknown}
 t - a scroll of butterflies {unknown}
 v - 2 scrolls of teleportation {unknown}
 x - a scroll of summoning {unknown}
Potions
 d - a potion of might
 e - 3 potions of berserk rage {unknown}
 g - 2 potions of curing
 h - 2 potions of brilliance {unknown}
 l - 5 potions of heal wounds {unknown}
 m - a potion of flight {unknown}
 o - 2 potions of mutation {unknown}
 s - 2 potions of degeneration {unknown}
 u - a potion of magic {unknown}
 w - a potion of invisibility
 z - a potion of cancellation {unknown}
 A - a potion of ambrosia {unknown}
 C - a potion of lignification {unknown}


   Skills:
 + Level 5.2 Fighting
 + Level 4.5 Axes
 + Level 5.3 Armour
 + Level 5.3 Shields


You had 5 spell levels left.
You didn't know any spells.
Your spell library contained the following spells:

 Spells                   Type           Power      Damage    Failure   Level
 Apportation              Tloc           0%         N/A       86%         1
 Necrotise                Necr           0%         1d4       86%         1
 Summon Small Mammal      Summ           0%         N/A       86%         1


Dungeon Overview and Level Annotations

Branches:
Dungeon (4/15)
 Temple: D:4-7

Altars:
Cheibriados
Dithmenos
Hepliaklqana

Shops:
D:1 (((

Annotations:
D:4 Menkaure


Innate Abilities, Weirdness & Mutations

You have a pair of horns on your head.
You reflexively headbutt those who attack you in melee.


Message History

You open the door.
There is an open door here.
You see here a +0 ring mail.
You open the door.
A goblin comes into view. It is wielding a +0 dagger.
The goblin shouts!
The goblin completely misses you.
There is an open door here.
You barely miss the goblin. The goblin barely misses you.
You slash the goblin!
You kill the goblin!
No target in view!
Things that are here:
a +0 dagger; a goblin corpse You open the door.
Menkaure, Prince of Dust comes into view.
Menkaure shouts!
Menkaure calls on the powers of darkness!
Your body is wracked with pain!
Menkaure hits you.
There is an open door here.
You are too injured to fight recklessly!
You are too injured to fight recklessly!
You are too injured to fight recklessly!
You are too injured to fight recklessly!
You barely miss Menkaure. Menkaure hits you!
You hit Menkaure.
Menkaure is lightly damaged.
Menkaure hits you but does no damage.
You barely miss Menkaure.
Menkaure is lightly damaged.
Menkaure hits you!
* * * LOW HITPOINT WARNING * * *
You slash Menkaure!
Menkaure is heavily damaged.
Menkaure closely misses you.
You hit Menkaure. You headbutt Menkaure.
Menkaure is severely damaged.
Menkaure hits you!
You die...

+##+ +##+ #..# #..#
#..#+###+#..#
#..#.....#..#
+..+.._..+..+
#..#.....#..#
#..#+###'#..#
###.)#.....#..####
#M@##'##'##'##'..##
#....#.....#.....###..
####.#..[..#.....# ###
#########'##'##+###
###...# ##.##.#..#
###.....## #.......##
##........###.#######
##.........##..#
##...........#.##


You could see Menkaure.

Vanquished Creatures
  2 scorpions (D:4)
  2 orc priests
  Ijyb (D:3)
  A gnoll (D:1)
  5 adders
  2 worms (D:2)
  2 dart slugs
  7 orcs
  10 ball pythons
  7 bats
  3 endoplasms
  4 giant cockroaches
  9 goblins
  4 hobgoblins
  A quokka (D:2)
  4 frilled lizards (D:2)
  3 kobolds
  2 rats
69 creatures vanquished.

Notes
Turn   | Place    | Note
-------+----------+-------------------------------------------
     0 | D:1      | DrKenneth the Minotaur Fighter began the quest for the Orb.
     0 | D:1      | Reached XP level 1. HP: 19/19 MP: 0/0
    67 | D:1      | Reached XP level 2. HP: 27/27 MP: 1/1
    91 | D:1      | Found Kyavoyfauh's Antique Weapon Shoppe.
    98 | D:1      | Found Gopreuf's Antique Weapon Shop.
   170 | D:1      | Found Soibbim's Antique Weapon Emporium.
   408 | D:2      | Reached XP level 3. HP: 33/33 MP: 2/2
   857 | D:2      | Reached XP level 4. HP: 41/41 MP: 3/3
  1453 | D:3      | Noticed Ijyb
  1466 | D:3      | Killed Ijyb
  1467 | D:3      | Reached XP level 5. HP: 24/47 MP: 4/4
  1760 | D:3      | Noticed a shadow
  1761 | D:3      | Found a shadowy altar of Dithmenos.
  1762 | D:3      | Found a hazy altar of Hepliaklqana.
  1974 | D:4      | Reached skill level 5 in Fighting
  1974 | D:4      | Reached skill level 5 in Armour
  1974 | D:4      | Reached skill level 5 in Shields
  1997 | D:4      | Reached XP level 6. HP: 56/56 MP: 5/5
  2134 | D:4      | Found a snail-covered altar of Cheibriados.
  2250 | D:4      | Noticed Menkaure
  2256 | D:4      | Slain by Menkaure

Illustrated notes

Levels and vault maps discovered:
D:1:      heliophobic_arrival_ceremonial_halls, layout_rooms, serial_shops,
          shop, nicolae_shop_overgrown_old_shop, nicolae_shop_statue_plus
D:2:      layout_basic, minmay_split_cup_small
D:3:      layout_basic, riverfiend_overflow_shadow_ancestor, uniq_ijyb
D:4:      layout_cave_pods, nicolae_uskayaw_suspiria,
          mainiacjoe_overflow_24_doors, uniq_menkaure

Skill      XL: |  1  2  3  4  5 |
---------------+----------------+-----
Fighting       | 4 5 |  5.2
Armour         | 4 5 |  5.3
Shields        | 4 5 |  5.3
Axes           | 3 4 |  4.5

Action                   |  1- 3 |  4- 6 || total
-------------------------+-------+-------++-------
Melee: War axe           |    61 |   108 ||   169
       Headbutt          |     9 |     9 ||    18
Armor: Scale mail        |    26 |    51 ||    77
Dodge: Dodged            |    25 |    50 ||    75
Block: Buckler           |    11 |    23 ||    34

Table legend: (Time is in decaauts)
 A = Elapsed time spent in this place.
 B = Non-inter-level travel time spent in this place.
 C = Inter-level travel time spent in this place.
 D = Time resting spent in this place.
 E = Time spent auto-exploring this place.
 F = Levels seen in this place.
 G = Mean time per level.
                   A        B        C        D        E       F      G
               +--------+--------+--------+--------+--------+-----+--------+
         Total |   2317 |   2269 |     48 |    118 |   1559 |   4 |  579.2 |
       Dungeon |   2317 |   2269 |     48 |    118 |   1559 |   4 |  579.2 |
               +--------+--------+--------+--------+--------+-----+--------+

Top non-repeatable levels by time:
     D:2: 765 daAuts
     D:3: 734 daAuts
     D:1: 410 daAuts
     D:4: 406 daAuts
